 Dungeon Crawl Stone Soup version 0.31.0-11-ge490571c62 (webtiles) character file.

Game seed: 15235188412645524404

160577 Ijustatesigmund the Warrior (level 17, -16/116 HPs)
             Began as a Gargoyle Fighter on Feb 7, 2024.
             Was the Champion of Vehumet.
             Blown up by an orb spider (54 damage)
             ... with an orb of destruction
             ... on level 3 of the Spider Nest on Feb 8, 2024.
             The game lasted 01:23:37 (36976 turns).

Ijustatesigmund the Warrior (Gargoyle Fighter)     Turns: 36976, Time: 01:23:37

Health: -16/116    AC: 37    Str: 21    XL:     17   Next: 76%
Magic:  29/29      EV: 13    Int: 14    God:    Vehumet [******]
Gold:   2298       SH: 11    Dex: 11    Spells: 17/33 levels left

rFire   . . .        a - +5 eveningstar (flame)
rCold   + . .        c - +1 buckler
rNeg    + . .        b - +7 ring mail "Vosestras" {rC+ Dex+2 Slay+2}
rPois   ∞            e - +2 helmet
rElec   +            S - +2 cloak {rPois}
rCorr   .            (no gloves)
SInv    .            (no boots)
Will    ++...        R - amulet of reflection
Stlth   +            n - +4 ring of protection
HPRegen 0.39/turn    U - ring of wizardry
MPRegen 0.21/turn

%: reflection, wizardry (x1)
@: flying, studying Ice Magic
A: sickness immunity, AC +12, big wings, negative energy resistance 1,
electricity resistance, torment resistance 1, petrification resistance, talons
1, deterioration 1, dopey 1, strong-willed 1, wild magic 1, inability to read
after injury 1
a: Renounce Religion


You were on level 3 of the Spider Nest.
You worshipped Vehumet.
Vehumet was exalted by your worship.
You visited 5 branches of the dungeon, and saw 26 of its levels.
You also visited: Ossuary and Ice Cave.

You collected 2831 gold pieces.
You spent 533 gold pieces at shops.

Inventory:

Hand Weapons
 a - a +5 eveningstar of flaming (weapon)
 y - a +2 flail of protection
Missiles
 u - 3 throwing nets (quivered)
Armour
 b - the +7 ring mail "Vosestras" (worn) {rC+ Dex+2 Slay+2}
   (You found it on level 6 of the Dungeon)

   Dex+2:     It affects your dexterity (+2).
   Slay+2:    It affects your accuracy & damage with ranged weapons and melee
   (+2).
   rC+:       It protects you from cold.
 c - a +1 buckler (worn)
 e - a +2 helmet (worn)
 j - a +0 crystal plate armour of cold resistance
 B - the +4 leather armour of Dias Ifa {rF+ Regen+}
   (You found it on level 8 of the Dungeon)

   rF+:       It protects you from fire.
   Regen+:    It increases your rate of health regeneration.
 S - a +2 cloak of poison resistance (worn)
Jewellery
 n - a +4 ring of protection (left hand)
 D - an amulet of the acrobat
 G - a +4 ring of protection
 J - a ring of see invisible
 M - a ring of magical power
 Q - a ring of fire
 R - an amulet of reflection (around neck)
 U - a ring of wizardry (right hand)
 V - a ring of ice
 Y - an amulet of magic regeneration
Wands
 f - a wand of flame (35)
 h - a wand of roots (22)
 p - a wand of polymorph (7)
 r - a wand of acid (6)
 s - a wand of paralysis (16)
 N - a wand of digging (10)
Scrolls
 d - 3 scrolls of identify
 i - 3 scrolls of blinking
 k - 14 scrolls of immolation
 l - 2 scrolls of enchant armour
 q - 2 scrolls of butterflies
 v - a scroll of brand weapon
 x - a scroll of fog
 C - a scroll of fear
 F - a scroll of vulnerability
 O - a scroll of silence
 T - 5 scrolls of teleportation
 W - 2 scrolls of amnesia
 Z - a scroll of enchant weapon
Potions
 g - a potion of invisibility
 m - 5 potions of attraction
 o - a potion of cancellation
 t - 4 potions of magic
 z - 3 potions of brilliance
 A - 6 potions of lignification
 E - 5 potions of enlightenment
 H - 7 potions of curing
 I - a potion of heal wounds
 K - 3 potions of haste
 L - a potion of might
 P - 2 potions of ambrosia
Miscellaneous
 w - a phial of floods


   Skills:
 - Level 16.7 Fighting
 - Level 16.0 Maces & Flails
 - Level 9.6 Armour
 - Level 7.4 Dodging
 - Level 6.3 Shields
 - Level 8.8 Spellcasting
 + Level 9.8 Conjurations
 + Level 12.4 Fire Magic
 + Level 10.3 Earth Magic
 - Level 7.5 Evocations


You had 17 spell levels left.
You knew the following spells:

 Your Spells              Type           Power      Damage    Failure   Level
a - Flame Wave            Conj/Fire      48%        2d12      1%          4
b - Bombard               Conj/Erth      22%        9d4       7%          6
c - Starburst             Conj/Fire      24%        6d8       5%          6

Your spell library contained the following spells:

 Spells                   Type           Power      Damage    Failure   Level
 Ozocubu's Refrigeration  Ice            4%         4d8       99%         7
 Shock                    Conj/Air       100%       1d9       1%          1
 Dazzling Flash           Conj/Hex       50%        N/A       1%          3
 Inner Flame              Hex/Fire       30%        N/A       1%          3
 Volatile Blastmotes      Fire/Tloc      60%        2d15      1%          3
 Mephitic Cloud           Conj/Alch/Air  19%        N/A       2%          3
 Sticky Flame             Fire/Alch      30%        2d7       2%          4
 Irradiate                Conj/Alch      12%        3d15      10%         5
 Petrify                  Alch/Erth      26%        N/A       14%         4
 Ensorcelled Hibernation  Hex/Ice        16%        N/A       17%         2
 Jinxbite                 Hex            16%        N/A       17%         2
 Lesser Beckoning         Tloc           16%        N/A       17%         2
 Airstrike                Air            4%         2d(1-17)  24%         4
 Fugue of the Fallen      Necr           8%         N/A       32%         3
 Gell's Gravitas          Tloc           8%         N/A       32%         3
 Swiftness                Air            8%         N/A       32%         3
 Teleport Other           Tloc           8%         N/A       32%         3
 Yara's Violent Unravell  Hex/Alch       4%         3d4       47%         5
 Anguish                  Hex/Necr       4%         N/A       67%         4
 Dispel Undead            Necr           8%         3d8       67%         4
 Martyr's Knell           Necr/Summ      8%         N/A       67%         4
 Passage of Golubria      Tloc           8%         N/A       67%         4
 Lehudib's Crystal Spear  Conj/Erth      22%        10d6      86%         8
 Curse of Agony           Necr           8%         N/A       93%         5
 Silence                  Hex/Air        4%         N/A       93%         5
 Maxwell's Capacitive Co  Air            4%         ∞         99%         8
 Death Channel            Necr           4%         N/A       100%        6
 Dispersal                Tloc           4%         N/A       100%        6
 Enfeeble                 Hex            4%         N/A       100%        7
 Cigotuvi's Dreadful Rot  Necr/Alch/Air  Unusable   N/A       N/A         2
 Sublimation of Blood     Necr           Unusable   N/A       N/A         2

Dungeon Overview and Level Annotations

Branches:
Dungeon (15/15)            Temple (1/1) D:5            Lair (5/5) D:9
 Shoals (0/4) Lair:3       Spider (3/4) Lair:3        Slime (0/5) Lair:5
    Orc (2/2) D:10            Elf (0/3) Orc:2        Vaults (0/5) D:14
 Depths (0/4) D:15        Ossuary (visited)           IceCv (visited)

Altars:
Ashenzari
Cheibriados
Dithmenos
Elyvilon
Fedhas
Gozag
Hepliaklqana
Kikubaaqudgha
Makhleb
Nemelex Xobeh
Okawaru
Qazlal
Ru
Sif Muna
Trog
Uskayaw
Vehumet
Wu Jian
Xom
Yredelemnul
Zin
The Shining One
Jiyva

Shops:
D:7 (   Orc:1 ((   Orc:2 ?(([

Portals:
Trove: D:10 (give 3 scrolls of blinking)

Annotations:
D:13 2 transporters, Doomgape's ghost, journeyman GrFi
D:14 6 transporters
Spider:3 3 runed translucent doors, Colgate's ghost, adept DsHu


Innate Abilities, Weirdness & Mutations

You are immune to sickness and miasma.
Your stone body is resilient. (AC +12)
You are immune to poison.
Your large and strong wings let you fly.
You resist negative energy. (rN+)
You are resistant to electric shocks. (rElec)
You are resistant to unholy torment.
You are immune to petrification.
You have sharp toenails.
Your body sometimes deteriorates upon taking damage.
You are dopey. (Int -2)
You are strong-willed. (Will+)
Your spells are a little harder to cast, but a little more powerful.
You occasionally lose the ability to read scrolls when taking damage.


Message History

You completely miss the jumping spider. Your kick misses the jumping spider.
The jumping spider is heavily wounded.
The jumping spider closely misses you. The jumping spider barely misses you.
You barely miss the jumping spider. Your kick misses the jumping spider.
The jumping spider is heavily wounded.
The jumping spider leaps!
The jumping spider leaps!
The jumping spider leaps!
The orb of destruction hits you!!!
* * * LOW HITPOINT WARNING * * *
You block the jumping spider's attack. x2
The orb spider weaves a glowing orb of energy.
The jumping spider pounces on you but does no damage.
The jumping spider bites you but does no damage.
An orb of destruction comes into view.
Casting: Flame Wave (mildly dangerous; 1% risk of failure)
Confirm with . or Enter, or press ? or * to list all spells.
Casting: Starburst (dangerous; 5% risk of failure)
Press: ? - help, Dir - look around, f - activate The bolt of fire hits the orb spider!
The orb spider is moderately wounded.
The bolt of fire hits the jumping spider!!
You kill the jumping spider!
Vehumet accepts your kill.
You feel your power returning.
You block the orb of destruction... and reflect it back!
Aiming: Paralyse
Press: ? - help, Shift-Dir - straight line, f - orb spider
Aim: an orb spider (moderately wounded, chance to affect: 50%)
The orb spider suddenly stops moving!
You see here 19 gold pieces.
The helpless orb spider fails to defend itself.
You crush the orb spider like a grape!!!
You burn the orb spider!
You kill the orb spider!
Vehumet accepts your kill.
You feel your power returning.
You see here an orb spider corpse.
The orb of destruction hits you!!!
You die...

##...^.......,**~~~~,,*
###.............#*,~~~~**
###.†.............#,,~~~~****
#.^.†††..........^#****~~*,,*
##.................# *~~~~,**
.....†††.^.........# **,~~~~* *
...#...†...........# *,,~~~~** **
...#...............# ****~~~~***,
...##......$....@..# ****~~~~*,,,
....#..[..†.....○..# *,,~~~***,,,
...............○†..# *,,~~~~**^,,
.........°....○....# ***~~~,**,,,
..........○°○○.$.^.#***~~~*,,*,,,
........$..$.......#*,*~~~****,,,
...................#,,~~~*** *,,,
.............).....#**~~~,,***,,^
...................#*~~~~^***,,,,


There were no monsters in sight!

Vanquished Creatures
  Jorgrun (D:12)
  The ghost of nitefall the Bludgeoner, a journeyman MiBe of Trog (Orc:2)
  A frost giant (IceCv)
  4 emperor scorpions
  Louise (D:14)
  2 orc warlords
  A ghost moth (Spider:1)
  2 broodmothers
  Nessos (D:13)
  A dire elephant (Lair:5)
  A white draconian (IceCv)
  2 spark wasps (Spider:1)
  Snorg (Lair:5)
  2 entropy weavers
  2 ice dragons
  2 rakshasas (D:15)
  An ogre mage (D:15)
  A great orb of eyes (D:15)
  7 ironbound frosthearts (IceCv)
  Fannar (D:12)
  Harold (D:10)
  6 centaur warriors
  Erica (D:10)
  3 catoblepae
  5 hydras
  A death knight (D:13)
  A jorogumo (Spider:3)
  2 radroaches (Spider:1)
  9 boulder beetles
  A dancing weapon (D:14)
  6 two-headed ogres
  6 death yaks (Lair:5)
  5 demonic crawlers
  A tengu warrior (D:13)
  Urug (D:11)
  2 orc high priests (Orc:2)
  Nergalle (D:10)
  Sonja (D:10)
  5 pharaoh ants
  A deep troll (shapeshifter) (D:15)
  Amaemon (D:8)
  Lodul (D:10)
  5 orb spiders
  3 skysharks
  A swamp dragon (Lair:5)
  A skeletal warrior (D:13)
  An arcanist (D:15)
  An orange crystal statue (IceCv)
  3 steelbarb worms
  4 lindwurms
  A phantasmal warrior (D:13)
  31 ugly things
  2 deep elf pyromancers (D:15)
  The ghost of kalagan the Thaumaturge, a novice DECj of Sif Muna (D:7)
  An oklob plant (Lair:3)
  10 wolf spiders
  A cyclops (shapeshifter) (D:14)
  An orc sorcerer (Orc:2)
  3 cyclopes
  5 manticores
  2 moths of wrath (Spider:2)
  6 kobold blastminers (Orc:2)
  A merfolk siren (Lair:3)
  5 black mambas
  8 elephants
  A torpor snail (Spider:2)
  An unseen horror (D:11)
  2 gargoyles
  An orange demon (D:8)
  16 cane toads
  3 kobold demonologists
  2 unseen horror zombies (D:8)
  A freezing wraith (D:14)
  26 rime drakes
  8 trolls
  6 komodo dragons
  A wolf spider simulacrum (D:10)
  3 merfolk (Lair:3)
  20 polar bears
  18 tarantellas
  A tyrant leech (Lair:1)
  11 blink frogs
  6 dream sheep (Lair:4)
  14 jumping spiders
  3 wraiths
  20 culicivoras
  A vampire (D:11)
  3 shadows
  5 wyverns
  26 yaks
  2 wargs (Orc:2)
  2 steam dragons
  40 redbacks
  5 basilisks
  3 vampire mosquitoes (D:10)
  2 swamp worms (Lair:1)
  2 acid dragons
  15 water moccasins
  31 orc warriors
  The ghost of Killerpretzel the Ducker, an amateur FeAE (D:3)
  8 black bears
  5 ice beasts
  2 swamp drakes (Lair:5)
  21 ogres
  2 laughing skulls (D:15)
  8 centaurs
  10 wolves
  A phantom (D:4)
  5 kobold brigands
  16 bullfrogs
  A gnoll sergeant (D:8)
  A scorpion (D:6)
  14 wights
  A burial acolyte (Ossuary)
  A wyvern skeleton (D:8)
  11 killer bees
  4 howler monkeys
  3 centaur zombies (D:8)
  2 lava snakes (D:9)
  A human zombie (D:8)
  2 jellies
  2 bombardier beetles
  A centaur skeleton (D:8)
  A gnoll bouda (D:8)
  4 hounds
  18 orc priests
  4 sleepcaps
  Jessica (D:2)
  8 iguanas
  29 orc wizards
  A killer bee zombie (D:8)
  A centaur simulacrum (D:7)
  A bullfrog simulacrum (D:7)
  A howler monkey zombie (D:8)
  2 adders
  33 gnolls
  7 white imps
  2 ufetubi (D:6)
  5 dart slugs
  123 orcs
  7 endoplasms
  A giant cockroach (D:1)
  3 goblins
  4 hobgoblins
  17 jackals
  2 quokkas (D:1)
  3 training dummies (Orc:1)
  5 ball pythons
  4 ball python skeletons (Ossuary)
  6 bats
  4 frilled lizards
  2 hobgoblin skeletons (Ossuary)
  32 kobolds
  A kobold skeleton (Ossuary)
  2 orc skeletons (Ossuary)
  5 rats
956 creatures vanquished.

Vanquished Creatures (others)
  A steam dragon (Lair:5)
1 creature vanquished.

Grand Total: 957 creatures vanquished

Notes
Turn   | Place    | Note
-------+----------+-------------------------------------------
     0 | D:1      | Ijustatesigmund the Gargoyle Fighter began the quest for
                  | the Orb.
     0 | D:1      | Reached XP level 1. HP: 14/14 MP: 1/1
    31 | D:1      | You fall into a shaft and drop 1 floor!
    58 | D:2      | Reached XP level 2. HP: 17/19 MP: 2/2
   203 | D:1      | Reached XP level 3. HP: 23/23 MP: 3/3
  1135 | D:2      | Reached XP level 4. HP: 5/28 MP: 4/4
  1135 | D:2      | Gained mutation: Your spells are a little harder to cast,
                  | but a little more powerful. [potion of mutation]
  1135 | D:2      | Gained mutation: You occasionally lose the ability to read
                  | scrolls when taking damage. [potion of mutation]
  1135 | D:2      | Gained mutation: Armour fits poorly on your strangely
                  | shaped body. [potion of mutation]
  1135 | D:2      | Gained mutation: Your mind is acute. (Int +4, Str/Dex -1)
                  | [potion of mutation]
  1376 | D:2      | Noticed Jessica
  1384 | D:2      | Killed Jessica
  1385 | D:2      | Reached skill level 5 in Maces & Flails
  1385 | D:2      | Reached XP level 5. HP: 28/32 MP: 5/5
  2018 | D:3      | Found a runed translucent door.
  2021 | D:3      | Noticed Killerpretzel's ghost (amateur FeAE)
  2021 | D:3      | Noticed a steam dragon
  2336 | D:4      | Reached XP level 6. HP: 19/37 MP: 6/6
  2860 | D:4      | Reached XP level 7. HP: 23/44 MP: 7/7
  3337 | D:4      | Reached skill level 5 in Fighting
  3976 | D:4      | Reached XP level 8. HP: 41/51 MP: 8/8
  4789 | D:5      | Entered Level 5 of the Dungeon
  5374 | D:5      | Reached skill level 1 in Dodging
  5639 | D:5      | Found a staircase to the Ecumenical Temple.
  5645 | Temple   | Entered the Ecumenical Temple
  5710 | Temple   | Became a worshipper of Vehumet
  5974 | D:6      | Reached XP level 9. HP: 22/57 MP: 9/9
  6783 | D:6      | Found a shimmering blue altar of Sif Muna.
  6974 | D:6      | Reached skill level 5 in Armour
  6974 | D:6      | Reached skill level 5 in Shields
  6976 | D:6      | Identified the +7 ring mail "Vosestras" {rC+ Dex+2 Slay+2}
  7093 | D:6      | Reached * piety under Vehumet
  7093 | D:6      | Offered knowledge of Freeze by Vehumet.
  7428 | D:7      | Found a sand-covered staircase.
  7438 | Ossuary  | Entered an ossuary
  7808 | D:7      | Noticed kalagan's ghost (novice DECj)
  7835 | D:7      | Found a runed translucent gate.
  7835 | D:7      | Found a runed translucent gate.
  7835 | D:7      | Found a runed translucent gate.
  7947 | D:7      | Found Emninwia's Antique Weapon Shop.
  8878 | D:8      | Reached XP level 10. HP: 63/65 MP: 10/10
  8881 | D:8      | Identified the +4 leather armour of Dias Ifa {rF+ Regen+}
  8892 | D:8      | Reached ** piety under Vehumet
  8903 | D:8      | Offered knowledge of Sting by Vehumet.
  9006 | D:8      | Noticed Amaemon
  9012 | D:8      | Noticed an orange demon
  9025 | D:8      | Killed Amaemon
  9026 | D:8      | Reached skill level 10 in Maces & Flails
  9034 | D:8      | Killed an orange demon
  9380 | D:8      | Found an ancient bone altar of Kikubaaqudgha.
  9400 | D:8      | Offered knowledge of Static Discharge by Vehumet.
  9571 | D:8      | Reached skill level 10 in Fighting
 10093 | D:9      | Noticed a two-headed ogre
 10106 | D:9      | Reached *** piety under Vehumet
 10128 | D:9      | Killed a two-headed ogre
 10129 | D:9      | Reached XP level 11. HP: 18/73 MP: 11/11
 10143 | D:9      | Found a broken altar of Ashenzari.
 10439 | D:9      | Found a glowing golden altar of the Shining One.
 10542 | D:9      | Noticed a sixfirhy
 10713 | D:9      | Found a staircase to the Lair.
 10755 | D:9      | Found a runed translucent door.
 10772 | D:9      | Identified the +2 whip of Focus {freeze, Fly}
 10773 | D:9      | Identified the +0 hat "Hepsy" {Str+4 Int-2}
 10777 | D:9      | Found a runed translucent gate.
 10777 | D:9      | Found a runed translucent gate.
 10777 | D:9      | Found a runed translucent gate.
 10777 | D:9      | Found a runed translucent gate.
 10778 | D:9      | Found a runed translucent gate.
 10784 | D:9      | Noticed a lindwurm
 10788 | D:9      | Offered knowledge of Ignite Poison by Vehumet.
 11084 | D:9      | Found a runed translucent gate.
 11085 | D:9      | Noticed a boulder beetle
 11313 | D:10     | Entered Level 10 of the Dungeon
 11372 | D:10     | Found a portal to a secret trove of treasure.
 11770 | D:10     | Found a hazy altar of Hepliaklqana.
 11777 | D:10     | Found a staircase to the Orcish Mines.
 11787 | D:10     | Noticed Lodul
 11949 | D:11     | Noticed a cyclops
 11952 | D:11     | Noticed a white ugly thing
 11958 | D:11     | Killed a cyclops
 11969 | D:11     | Killed a white ugly thing
 12672 | D:11     | Reached skill level 1 in Evocations
 12728 | D:10     | Killed Lodul
 12803 | D:10     | Noticed Sonja
 12822 | D:10     | Killed Sonja
 12917 | D:10     | Reached **** piety under Vehumet
 12990 | D:10     | Noticed Harold
 13014 | D:10     | Killed Harold
 13015 | D:10     | Reached XP level 12. HP: 67/80 MP: 12/12
 13110 | D:10     | Noticed Nergalle
 13127 | D:10     | Killed Nergalle
 13446 | D:10     | Noticed Erica
 13459 | D:10     | Killed Erica
 13460 | D:10     | Reached skill level 5 in Dodging
 13788 | D:11     | Noticed Urug
 13797 | D:11     | Killed Urug
 13798 | D:11     | Reached skill level 5 in Evocations
 14008 | D:12     | Offered knowledge of Freezing Cloud by Vehumet.
 15268 | D:12     | Noticed a boulder beetle
 15335 | D:12     | Killed a boulder beetle
 15404 | D:12     | Noticed Jorgrun
 15568 | D:12     | Killed Jorgrun
 16346 | D:12     | Noticed Fannar
 16384 | D:12     | Killed Fannar
 16638 | D:13     | Noticed a centaur warrior
 16652 | D:13     | Killed a centaur warrior
 16653 | D:13     | Reached skill level 1 in Spellcasting
 16714 | D:13     | Noticed Nessos
 16736 | D:13     | Killed Nessos
 16737 | D:13     | Reached XP level 13. HP: 71/84 MP: 13/15
 16817 | D:13     | Noticed Doomgape's ghost (journeyman GrFi)
 16818 | D:13     | Found a transporter.
 16823 | D:13     | Found a transporter.
 17759 | D:3      | Killed Killerpretzel's ghost
 17887 | D:7      | Killed kalagan's ghost
 18447 | D:14     | Found a transporter.
 18449 | D:14     | Found a transporter.
 18516 | D:14     | Found a transporter.
 18520 | D:15     | Entered Level 15 of the Dungeon
 18613 | D:15     | Found an ornate altar of the Wu Jian Council.
 18904 | D:15     | Noticed a rakshasa
 18904 | D:15     | Noticed a rakshasa
 18907 | D:15     | Noticed a great orb of eyes
 18926 | D:15     | Killed a rakshasa
 18932 | D:15     | Killed a great orb of eyes
 18943 | D:15     | Killed a rakshasa
 19112 | D:15     | a swamp worm changed into a bunyip
 19112 | D:15     | Noticed a bunyip (glowing shapeshifter)
 19114 | D:15     | a bunyip changed into a deep troll
 19116 | D:15     | Reached skill level 5 in Spellcasting
 19127 | D:15     | Found a staircase to the Depths.
 19695 | D:15     | Reached ***** piety under Vehumet
 19716 | D:15     | Gained mutation: Your large and strong wings let you fly.
                  | [Gargoyle growth]
 19716 | D:15     | Reached XP level 14. HP: 56/94 MP: 22/22
 19722 | D:15     | Offered knowledge of Plasma Beam by Vehumet.
 19972 | D:15     | Found a stormy altar of Qazlal.
 20219 | D:15     | Identified the +1 leather armour "Uvihu" {Rampage rC+++
                  | Str+7 Slay-3}
 21555 | D:14     | Found a gate to the Vaults.
 21619 | D:14     | Found a transporter.
 21621 | D:14     | Found a transporter.
 21621 | D:14     | Noticed Louise
 21656 | D:14     | Killed Louise
 22423 | D:14     | Found a transporter.
 22679 | Lair:1   | Entered Level 1 of the Lair of Beasts
 23805 | Lair:1   | Identified the +6 dagger "Beastbane" {drain, rN+++ Int-5
                  | Dex+4 Stlth-}
 24071 | Lair:2   | Lost mutation: Your mind is acute. (Int +4, Str/Dex -1)
                  | [potion of mutation]
 24071 | Lair:2   | Lost mutation: Armour fits poorly on your strangely shaped
                  | body. [potion of mutation]
 24071 | Lair:2   | Gained mutation: You are dopey. (Int -2) [potion of
                  | mutation]
 24071 | Lair:2   | Gained mutation: You expend magic power (3 MP) to
                  | strengthen your wands. [potion of mutation]
 24071 | Lair:2   | Gained mutation: You are agile. (Dex +4, Str/Int -1)
                  | [potion of mutation]
 24071 | Lair:2   | Gained mutation: Your spells are harder to cast, but more
                  | powerful. [potion of mutation]
 24922 | Lair:2   | Reached XP level 15. HP: 80/101 MP: 27/27
 25090 | Lair:2   | Identified the +3 long sword of Skirmishing {drain, Int+4}
 25238 | Lair:3   | Reached skill level 15 in Fighting
 25471 | Lair:3   | Found a hole to the Spider Nest.
 25573 | Lair:3   | Found a staircase to the Shoals.
 25726 | Lair:3   | Offered knowledge of Airstrike by Vehumet.
 25845 | Lair:3   | Found a hide-covered altar of Uskayaw.
 25845 | Lair:3   | Found an ornate altar of the Wu Jian Council.
 26589 | Lair:4   | Reached skill level 15 in Maces & Flails
 27212 | Lair:5   | Entered Level 5 of the Lair of Beasts
 27307 | Lair:5   | Identified a scroll of acquirement
 27307 | Lair:5   | Acquired a manual of Fire Magic
 27316 | Lair:5   | Learned a level 4 spell: Flame Wave
 27448 | Lair:5   | Found a viscous altar of Jiyva.
 27448 | Lair:5   | Found a staircase to the Slime Pits.
 27461 | Lair:5   | Reached skill level 1 in Conjurations
 27461 | Lair:5   | Reached skill level 1 in Fire Magic
 27601 | Lair:5   | Noticed Snorg
 27608 | Lair:5   | Killed Snorg
 28106 | Lair:5   | Reached skill level 5 in Fire Magic
 28735 | Lair:5   | Reached skill level 5 in Conjurations
 28749 | Lair:5   | Offered knowledge of Iskenderun's Battlesphere by Vehumet.
 29055 | Lair:5   | Reached XP level 16. HP: 109/109 MP: 28/28
 29244 | Lair:5   | Identified the +1 robe of Baldness {rPois rC- Will++ Str+4}
 29428 | Orc:1    | Entered Level 1 of the Orcish Mines
 29428 | Orc:1    | Found Erywaho's Weapon Shop.
 29709 | Orc:1    | Found Zaijus's Firing Range.
 29868 | Orc:2    | Entered Level 2 of the Orcish Mines
 29868 | Orc:2    | Noticed nitefall's ghost (journeyman MiBe)
 29868 | Orc:2    | Found a staircase to the Elven Halls.
 30190 | Orc:2    | Reached ****** piety under Vehumet
 30204 | Orc:2    | Offered knowledge of Lee's Rapid Deconstruction by Vehumet.
 30230 | Orc:2    | Found a runed translucent door.
 30856 | Orc:2    | Found Neman's Antique Weapon Shop.
 30910 | Orc:2    | Found Ickic's Antique Weapon Boutique.
 30912 | Orc:2    | Found Wyodgh's Antique Armour Shop.
 30919 | Orc:2    | Bought a runed cloak for 150 gold pieces
 30924 | Orc:2    | Bought an ancient robe for 114 gold pieces
 30924 | Orc:2    | Identified the +1 robe of Tenacity {rElec Regen+ Int-4
                  | Dex+5} (You bought it in a shop on level 2 of the Orcish
                  | Mines)
 31049 | Orc:2    | Found Poashru's Magic Scroll Emporium.
 31054 | Orc:2    | Bought a scroll of teleportation for 45 gold pieces
 31054 | Orc:2    | Bought a scroll of enchant armour for 112 gold pieces
 31054 | Orc:2    | Bought a scroll of enchant weapon for 112 gold pieces
 31207 | Orc:2    | Reached skill level 10 in Fire Magic
 31388 | Orc:2    | Killed nitefall's ghost
 31609 | Spider:1 | Entered Level 1 of the Spider Nest
 32213 | Spider:1 | Offered knowledge of Bombard by Vehumet.
 32676 | Spider:1 | You are sucked into a shaft and drop 1 floor!
 32687 | Spider:2 | Learned a level 6 spell: Bombard
 32726 | Spider:2 | Reached skill level 1 in Earth Magic
 32749 | Spider:2 | HP: 4/111 [demonic crawler (12)]
 33064 | Spider:2 | Lost mutation: You expend magic power (3 MP) to strengthen
                  | your wands. [potion of mutation]
 33064 | Spider:2 | Lost mutation: You are agile. (Dex +4, Str/Int -1) [potion
                  | of mutation]
 33064 | Spider:2 | Gained mutation: You have sharp toenails. [potion of
                  | mutation]
 33064 | Spider:2 | Gained mutation: You are strong-willed. (Will+) [potion of
                  | mutation]
 33533 | Spider:2 | Reached XP level 17. HP: 103/116 MP: 29/29
 33695 | Spider:2 | Reached skill level 5 in Earth Magic
 34947 | Spider:3 | Offered knowledge of Eringya's Noxious Bog by Vehumet.
 34982 | Spider:3 | Found a runed translucent gate.
 34983 | Spider:3 | Found a runed translucent gate.
 34984 | Spider:3 | Found a runed translucent gate.
 34994 | Spider:3 | Found a glacial archway.
 35002 | Spider:3 | Noticed Colgate's ghost (adept DsHu)
 35005 | Spider:3 | Gained mutation: Your body sometimes deteriorates upon
                  | taking damage. [mutagenic glow]
 35012 | IceCv    | Entered an ice cave
 35021 | IceCv    | Lost mutation: Your spells are harder to cast, but more
                  | powerful. [mutagenic glow]
 35044 | IceCv    | Learned a level 6 spell: Starburst
 35587 | IceCv    | Identified the +0 chain mail "Qupoegod" {Int+6 Dex-5}
 35945 | IceCv    | HP: 3/116 [ironbound frostheart/creeping frost (11)]
 36614 | Spider:3 | Reached skill level 10 in Earth Magic
 36933 | Spider:3 | Offered knowledge of Ozocubu's Refrigeration by Vehumet.
 36976 | Spider:3 | Blown up by an orb spider

Illustrated notes

Levels and vault maps discovered:
D:1:      saegor_arrival_fortress, layout_loops_ring, kennysheep_another_room
D:2:      layout_rooms, uniq_jessica
D:3:      layout_basic, ebering_ghost_inner_flame
D:4:      lemuel_castle_with_subvaults [lemuel_castle_interior_original],
          layout_basic
D:5:      layout_rooms, minmay_temple_entry_enclosed_plants
D:6:      layout_basic, kennysheep_little_box
D:7:      layout_loops_ring, gammafunk_ghost_icy, serial_shops,
          nicolae_shop_waterfront, chequers_ossuary_entry_cave
D:8:      layout_basic, lemuel_mausoleum_altar_kikubaaqudgha, uniq_amaemon
D:9:      gammafunk_indiana_jones, layout_loops_corners, tso_metal_star,
          mainiacjoe_overflow_cross_hatched, serial_aquarium,
          aquarium_bridge_square [aquarium_subvault_bridge,
          aquarium_subvault_bridge, aquarium_subvault_wall,
          aquarium_subvault_bridge], aquarium_bridge_straight
          [aquarium_subvault_bridge, aquarium_subvault_balcony,
          aquarium_subvault_bridge, aquarium_subvault_wall],
          aquarium_window_fake, aquarium_window_1, aquarium_view_2a,
          aquarium_view_2d, aquarium_pool_2
D:10:     layout_small_grid, amcnicky_altar_gilded, orc_0_dummy,
          nicolae_trove_entry_columns, uniq_erica, uniq_nergalle, uniq_sonja,
          uniq_lodul, uniq_harold
D:11:     layout_small_grid, uniq_urug
D:12:     layout_small_grid, nicolae_the_louvre, uniq_fannar, uniq_jorgrun
D:13:     layout_cave_pods, gammafunk_ghost_hive, uniq_nessos
D:14:     layout_basic, erik_vaults_1, nicolae_sextant, serial_nicolae_subway,
          nicolae_sub_station_metal, nicolae_sub_station_crystal,
          nicolae_sub_station_stone, uniq_louise
D:15:     gammafunk_enter_depths_forms, layout_basic,
          nicolae_qazlal_general_emergency, pdpol_wu_jian_five_deadly_venoms
Temple:   nicolae_temple_bog_church
Lair:1:   layout_regular_city, wad_woods_06, chequers_serial_rivers_micro_b,
          worms_lemuel
Lair:2:   layout_loops_ring
Lair:3:   layout_regular_city, elwin_shoals_entry_stream, dummy_spider_entry,
          serial_rivers, chequers_serial_rivers_micro_e,
          chequers_serial_rivers_small_a, chequers_serial_rivers_small_a,
          chequers_serial_rivers_micro_c, chequers_serial_rivers_large_a,
          nzn_masters_of_martial_movement, lemuel_fruit_tree
Lair:4:   layout_roguey, serial_rivers, chequers_serial_rivers_small_3,
          chequers_serial_rivers_room_b, chequers_serial_rivers_room_a,
          chequers_serial_rivers_room_a, grunt_megastairs_3
Lair:5:   hangedman_lair_in_review, layout_regular_city,
          guppyfry_lair_end_dragon, slime_entry_1, uniq_snorg
Spider:1: nicolae_spider_hilbert_zone_1 [nicolae_spider_hilbert_4_sides_1_open,
          nicolae_spider_hilbert_4_sides_1_open,
          nicolae_spider_hilbert_4_sides_1_open,
          nicolae_spider_hilbert_4_sides_1_open,
          nicolae_spider_hilbert_3_sides_1_open,
          nicolae_spider_hilbert_3_sides_1_open,
          nicolae_spider_hilbert_3_sides_1_open,
          nicolae_spider_hilbert_3_sides_1_open,
          nicolae_spider_hilbert_3_sides_1_open,
          nicolae_spider_hilbert_6_sides_1_open,
          nicolae_spider_hilbert_6_sides_1_open,
          nicolae_spider_hilbert_3_sides_1_open,
          nicolae_spider_hilbert_3_sides_1_open,
          nicolae_spider_hilbert_3_sides_1_open,
          nicolae_spider_hilbert_3_sides_1_open,
          nicolae_spider_hilbert_2_sides_1_open]
Spider:2: layout_spider_delve, hangedman_spider_tarantella_strand
Spider:3: nicolae_spider_obnoxious_hallway, gammafunk_ghost_tricky_traps,
          portal_ice_cave_entry_pillars_2, uniq_azrael, uniq_agnes
Orc:1:    layout_caves, serial_shops, shop, nicolae_shop_firing_range
Orc:2:    grunt_orc_community_town_hall, layout_caves,
          grunt_orc_community_big_house_2, grunt_orc_community_big_house_2,
          grunt_orc_community_house_2, grunt_orc_community_house_2,
          grunt_orc_community_house_2, grunt_orc_community_house_3,
          hellmonk_ghost_happy_afterlife

Skill      XL: |  1  2  3  4  5  6  7  8  9 10 11 12 13 14 15 16 17 |
---------------+----------------------------------------------------+-----
Maces & Flails | 3 4 5 6 7 8 9 10 11 13 14 15 16 | 16.0
Fighting       | 4 5 7 8 10 11 13 14 15 16 | 16.7
Dodging        | 1 2 4 7 |  7.4
Shields        | 4 5 6 |  6.3
Armour         | 4 6 8 9 |  9.6
Evocations     | 4 7 |  7.5
Spellcasting   | 1 5 8 |  8.8
Conjurations   | 5 8 9 |  9.8
Fire Magic     | 7 10 12 | 12.4
Earth Magic    | 4 10 | 10.3

Action                     |  1- 3 |  4- 6 |  7- 9 | 10-12 | 13-15 | 16-18 || total
---------------------------+-------+-------+-------+-------+-------+-------++-------
  Melee: Flail             |    92 |   180 |   209 |   870 |   971 |       ||  2322
         Morningstar       |       |       |   369 |       |       |       ||   369
         Eveningstar       |       |       |       |       |   564 |   783 ||  1347
         Kick              |       |       |       |       |       |   145 ||   145
   Cast: Flame Wave        |       |       |       |       |     1 |    33 ||    34
         Starburst         |       |       |       |       |       |    12 ||    12
  Evoke: Wand              |       |       |       |    10 |    18 |    13 ||    41
    Use: Potion            |       |     7 |     2 |     4 |     3 |     8 ||    24
         Scroll            |       |     3 |    15 |     5 |     9 |    16 ||    48
   Stab: Paralysed         |       |       |       |       |    12 |    20 ||    32
         Petrified         |       |       |       |       |     8 |       ||     8
 Armour: Scale mail        |    86 |   218 |   409 |       |       |       ||   713
         Ring mail         |       |       |    88 |   771 |   863 |   743 ||  2465
  Dodge: Dodged            |    51 |   108 |   315 |   500 |   501 |   456 ||  1931
  Block: Buckler           |    23 |    40 |   135 |   276 |   616 |   504 ||  1594
         Reflection        |       |       |       |       |    16 |    12 ||    28
